 Dungeon Crawl Stone Soup version 0.28.0-53-g5a82cb258f (webtiles) character file.

Game seed: 11223262530314566466

16852 PhantomBowie the Fighter (level 12, -3/113 HPs)
             Began as a Hill Orc Fighter on May 31, 2022.
             Was a High Priest of Okawaru.
             Slain by an elephant (13 damage)
             ... on level 2 of the Lair of Beasts on June 1, 2022.
             The game lasted 01:00:26 (14563 turns).

PhantomBowie the Fighter (Hill Orc Fighter)        Turns: 14563, Time: 01:00:26

Health: -3/113     AC: 24    Str: 27    XL:     12   Next: 41%
Magic:  12/12      EV:  5    Int:  8    God:    Okawaru [*****.]
Gold:   950        SH: 16    Dex: 10    Spells: 11/11 levels left

rFire   . . .      SeeInvis .   n - +4 morningstar of Growth {freeze, rElec}
rCold   . . .      Faith    .   B - +0 tower shield
rNeg    . . .      Spirit   .   s - +0 plate armour
rPois   +          Reflect  .   N - +0 helmet
rElec   +          Harm     .   K - +2 cloak of the Unseen Realm {rPois Will- Str+3}
rCorr   .          Rampage  +   m - +0 pair of gloves
Will    .....                   y - +1 pair of boots {rampage}
Stlth   ..........              (no amulet)
HPRegen 0.28/turn               t - ring of willpower
MPRegen 0.13/turn               M - +4 ring of slaying

@: no status effects
A: no striking features
a: Renounce Religion, Heroism, Finesse, Duel


You were on level 2 of the Lair of Beasts.
You worshipped Okawaru.
Okawaru was extremely pleased with you.
You visited 3 branches of the dungeon, and saw 13 of its levels.

You collected 1013 gold pieces.
You spent 63 gold pieces at shops.

Inventory:

Hand Weapons
 a - a +0 war axe
 n - the +4 morningstar of Growth (weapon) {freeze, rElec}
   (You found it on level 2 of the Dungeon)

   It freezes those it strikes, dealing additional cold damage.
   It can also slow down cold-blooded creatures.
   rElec:     It insulates you from electricity.
Missiles
 b - 2 boomerangs
 h - 3 throwing nets (quivered)
 x - 10 poisoned darts
 E - a curare-tipped dart
 Q - 4 atropa-tipped darts
Armour
 m - a +0 pair of gloves (worn)
 s - a +0 plate armour (worn)
 u - a scarf of resistance
 y - a +1 pair of boots of rampaging (worn)
 B - a +0 tower shield (worn)
 K - the +2 cloak of the Unseen Realm (worn) {rPois Will- Str+3}
   (You found it on level 9 of the Dungeon)

   Str:       It affects your strength (+3).
   rPois:     It protects you from poison.
   Will:      It decreases your willpower.
 N - a +0 helmet (worn)
Jewellery
 t - a ring of willpower (left hand)
 w - a ring of flight
 M - a +4 ring of slaying (right hand)
 O - a ring of protection from cold
Wands
 d - a wand of flame (34)
 A - a wand of acid (2)
Scrolls
 e - 2 scrolls of brand weapon
 j - a scroll of holy word {unknown}
 p - 2 scrolls of silence {unknown}
 q - 6 scrolls of enchant armour {unknown}
 r - 2 scrolls of teleportation
 v - a scroll of fog {unknown}
 D - 2 scrolls of enchant weapon
 F - a scroll of summoning {unknown}
 H - a scroll of magic mapping {unknown}
 L - a scroll of noise {unknown}
 R - a scroll of fear {unknown}
Potions
 c - a potion of berserk rage {unknown}
 f - 2 potions of lignification
 g - 2 potions of ambrosia
 i - 2 potions of invisibility
 k - 5 potions of heal wounds
 l - 4 potions of curing
 o - 3 potions of mutation
 z - a potion of attraction {unknown}
 C - a potion of flight {unknown}
 G - a potion of haste
 I - 2 potions of resistance
 J - a potion of brilliance
 P - a potion of magic {unknown}


   Skills:
 + Level 12.5 Fighting
 - Level 3.4(9.0) Axes
 + Level 10.8(11.0) Maces & Flails
 + Level 11.5 Armour
 + Level 11.5 Shields


You had 11 spell levels left.
You didn't know any spells.
Your spell library contained the following spells:

 Spells                   Type           Power      Damage    Failure   Level
 Slow                     Hex            0%         N/A       100%        1
 Corpse Rot               Necr/Air       0%         N/A       100%        2
 Static Discharge         Conj/Air       0%         N/A       100%        2
 Confusing Touch          Hex            0%         N/A       100%        3
 Ignite Poison            Fire/Tmut/Pois 0%         N/A       100%        3
 Mephitic Cloud           Conj/Pois/Air  0%         N/A       100%        3
 Ozocubu's Armour         Ice            0%         N/A       100%        3
 Vampiric Draining        Necr           0%         2d6       100%        3
 Dispel Undead            Necr           0%         3d6       100%        4
 Freezing Cloud           Conj/Ice/Air   0%         6-21      100%        5
 Lightning Bolt           Conj/Air       0%         1d11      100%        5
 Metabolic Englaciation   Hex/Ice        0%         N/A       100%        5
 Maxwell's Capacitive Co  Air            0%         ∞         100%        8
 Death Channel            Necr           Unusable   N/A       N/A         6
 Simulacrum               Ice/Necr       Unusable   N/A       N/A         6

Dungeon Overview and Level Annotations

Branches:
Dungeon (10/15)            Temple (1/1) D:5            Lair (2/6) D:8
 Spider (0/4) Lair:2          Orc (0/2) D:10
  Swamp: Lair:2-4    Shoals: Lair:2-4

Altars:
Ashenzari
Cheibriados
Dithmenos
Elyvilon
Fedhas
Gozag
Hepliaklqana
Kikubaaqudgha
Makhleb
Nemelex Xobeh
Okawaru
Qazlal
Ru
Sif Muna
Trog
Uskayaw
Vehumet
Wu Jian
Xom
Yredelemnul
Zin
The Shining One

Shops:
D:3 *   D:5 [

Annotations:
D:3 1 runed translucent door, Crazy Yiuf
Lair:2 exclusion: oklob plant


Message History

The cane toad is heavily wounded.
You block the cane toad's attack. The cane toad stings you!
* * * LOW HITPOINT WARNING * * *
You bludgeon the cane toad!! You freeze the cane toad!
You kill the cane toad!
Okawaru accepts your kill. You block the elephant's attack.
The elephant trunk-slaps you but does no damage.
You completely miss the elephant. You block the elephant's attack.
The elephant trunk-slaps you but does no damage.
You hit the elephant. You freeze the elephant.
The elephant is lightly wounded.
The elephant tramples you.
* * * LOW HITPOINT WARNING * * *
You hold your ground!
The elephant trunk-slaps you but does no damage.
You sock the elephant! You freeze the elephant.
The elephant is moderately wounded.
You block the elephant's attack. x2
You sock the elephant! You freeze the elephant.
The elephant is heavily wounded.
You block the elephant's attack. x2; The elephant barely misses you.
The elephant trunk-slaps you but does no damage.
You hit the elephant. You freeze the elephant.
The elephant is severely wounded.
You block the elephant's attack.
The elephant trunk-slaps you but does no damage.
You hit the elephant but do no damage.
The elephant is heavily wounded.
The elephant tramples you but does no damage.
The elephant trunk-slaps you but does no damage.
You sock the elephant! You freeze the elephant.
The elephant is almost dead.
You block the elephant's attack. x2
You hit the elephant but do no damage.
The elephant is almost dead.
You block the elephant's attack.
The elephant trunk-slaps you but does no damage.
The elephant tramples you!
You die...

..........######......#..##...#.#
...P.##....# #.......#..#.....#.
...#####.### ##.<....#.#.#..#.#.
.P.## ### #P.........##.##.."
.##.# ##........#...##.#. ..###
#......#.##..##.#. #######
#.#......#.###..#. #.#.#
#†Y....#### ..#... P...# #.
#@#...... ...... ##....##.#
###....... ...#... P.#.......
P....... ...... .......... ...#.
..#... .......... ...# ......
.................. ...# ......
........#......... ......
.......##......... ......
.P##.#.##........ .....


You could see an elephant.

Vanquished Creatures
  2 hydras
  A deep elf pyromancer (D:7)
  Pikel (D:9)
  2 black mambas (Lair:2)
  2 elephants (Lair:2)
  4 cane toads (Lair:2)
  5 komodo dragons
  A troll (D:6)
  9 blink frogs
  Grinder (D:4)
  A shadow (D:10)
  A wraith (D:10)
  20 yaks
  2 steam dragons
  An acid dragon (D:9)
  5 water moccasins
  A swamp drake (D:10)
  3 black bears
  2 ice beasts (D:7)
  5 orc warriors
  3 sky beasts
  3 necrophages
  4 wolves (Lair:1)
  2 centaurs (D:8)
  2 lemures (D:9)
  A phantom (D:6)
  A kobold brigand (D:8)
  Blork the orc (D:4)
  5 bullfrogs
  A gnoll sergeant (D:10)
  A wyvern zombie (D:6)
  3 scorpions
  A water moccasin skeleton (D:5)
  11 wights
  2 howler monkeys
  5 centaur zombies
  A hound (D:5)
  8 orc priests
  A jelly (D:5)
  A gnoll shaman (D:6)
  3 iguanas
  6 orc wizards
  3 killer bee zombies
  A howler monkey zombie (D:9)
  10 adders
  14 gnolls
  An adder zombie (D:5)
  An adder skeleton (D:4)
  4 worms
  2 dart slugs
  30 orcs
  8 endoplasms
  4 giant cockroaches
  6 goblins
  10 hobgoblins
  6 jackals
  5 quokkas
  10 ball pythons
  10 bats
  5 frilled lizards
  11 kobolds
  A quokka skeleton (D:4)
  6 rats
283 creatures vanquished.

Vanquished Creatures (others)
  4 fungi
  6 plants
10 creatures vanquished.

Grand Total: 293 creatures vanquished

Notes
Turn   | Place    | Note
-------+----------+-------------------------------------------
     0 | D:1      | PhantomBowie the Hill Orc Fighter began the quest for the
                  | Orb.
     0 | D:1      | Reached XP level 1. HP: 19/19 MP: 1/1
   141 | D:1      | Reached XP level 2. HP: 24/27 MP: 2/2
   450 | D:1      | Reached skill level 4 in Fighting
   552 | D:1      | Reached XP level 3. HP: 33/33 MP: 3/3
  1083 | D:2      | Identified the +4 morningstar of Growth {freeze, rElec}
  1204 | D:2      | Reached XP level 4. HP: 18/40 MP: 4/4
  1490 | D:2      | Reached skill level 1 in Maces & Flails
  1683 | D:2      | Reached XP level 5. HP: 47/47 MP: 5/5
  2044 | D:3      | Noticed an orc warrior
  2316 | D:3      | Found Ticwumis's General Store.
  2430 | D:3      | Found a runed translucent door.
  2431 | D:3      | Noticed Crazy Yiuf
  3034 | D:3      | Killed an orc warrior
  3035 | D:3      | Reached skill level 5 in Fighting
  3035 | D:3      | Reached XP level 6. HP: 19/56 MP: 6/6
  3825 | D:4      | Noticed Blork the orc
  3829 | D:4      | Killed Blork the orc
  3830 | D:4      | Reached skill level 5 in Armour
  3868 | D:4      | Reached skill level 5 in Shields
  3918 | D:4      | Reached XP level 7. HP: 61/61 MP: 7/7
  3927 | D:4      | Noticed a steam dragon
  3938 | D:4      | Killed a steam dragon
  4190 | D:4      | Reached skill level 6 in Fighting
  4498 | D:4      | Noticed Grinder
  4504 | D:4      | Killed Grinder
  4505 | D:4      | Reached XP level 8. HP: 71/71 MP: 8/8
  4849 | D:5      | Entered Level 5 of the Dungeon
  5065 | D:5      | Found a staircase to the Ecumenical Temple.
  5074 | Temple   | Entered the Ecumenical Temple
  5127 | Temple   | Became a worshipper of Warmaster Okawaru
  5159 | D:5      | Found Oqoigin's Armour Shoppe.
  5175 | D:5      | Bought a +0 tower shield for 63 gold pieces
  5212 | D:5      | Reached skill level 7 in Fighting
  5524 | D:5      | Reached skill level 5 in Maces & Flails
  6151 | D:6      | Reached XP level 9. HP: 72/79 MP: 9/9
  6688 | D:6      | Noticed a troll
  6714 | D:6      | Killed a troll
  6714 | D:6      | Reached * piety under Okawaru
  6715 | D:6      | Reached skill level 8 in Fighting
  7620 | D:7      | Found an ornate altar of the Wu Jian Council.
  7704 | D:7      | Reached ** piety under Okawaru
  7966 | D:7      | Noticed a deep elf pyromancer
  8748 | D:6      | Noticed a rust devil
  8748 | D:6      | Noticed a rust devil
  8758 | D:7      | Reached skill level 9 in Fighting
  8758 | D:7      | Reached XP level 10. HP: 79/91 MP: 10/10
  8861 | D:7      | Killed a deep elf pyromancer
  9301 | D:8      | Found a staircase to the Lair.
  9318 | D:8      | Reached *** piety under Okawaru
  9469 | D:8      | Identified the +2 flail "Egeskos" {protect, *Slow rPois
                  | Int+9 Dex-4}
 10117 | D:9      | Identified the +2 cloak of the Unseen Realm {rPois Will-
                  | Str+3}
 10421 | D:9      | Noticed Pikel
 10493 | D:9      | Killed Pikel
 10493 | D:9      | Reached **** piety under Okawaru
 10494 | D:9      | Reached skill level 10 in Fighting
 11099 | D:10     | Entered Level 10 of the Dungeon
 11376 | D:10     | Reached XP level 11. HP: 100/101 MP: 11/11
 11431 | D:10     | Found a staircase to the Orcish Mines.
 11537 | D:10     | Reached ***** piety under Okawaru
 11723 | D:10     | Reached skill level 10 in Armour
 11746 | D:10     | Reached skill level 10 in Shields
 12077 | Lair:1   | Entered Level 1 of the Lair of Beasts
 12136 | Lair:1   | Noticed a six-headed hydra
 12262 | Lair:1   | Reached skill level 11 in Fighting
 12918 | Lair:1   | Killed a six-headed hydra
 12918 | Lair:1   | Received a gift from Okawaru
 13257 | Lair:1   | Reached skill level 10 in Maces & Flails
 13512 | Lair:2   | Reached XP level 12. HP: 72/112 MP: 12/12
 13601 | Lair:2   | Reached skill level 12 in Fighting
 13874 | Lair:2   | Noticed a seven-headed hydra
 13886 | Lair:2   | Killed a seven-headed hydra
 14141 | Lair:2   | Found a hole to the Spider Nest.
 14563 | Lair:2   | Slain by an elephant

Illustrated notes

Levels and vault maps discovered:
D:1:      lemuel_arrival_lava_pool, layout_basic
D:2:      minmay_general_purpose_star, layout_basic, minmay_pentomino_pile
D:3:      layout_basic, serial_shops, nicolae_shop_advertising_works
          [nicolae_subvault_shop_adworks], minivault_14, hex_intersection,
          corexii_hall_statues_u, nicolae_grassy_gnolls, uniq_crazy_yiuf_cottage
D:4:      layout_loops_ring, uniq_grinder, uniq_blork_the_orc
D:5:      layout_basic, minmay_temple_entry_statues_fountains, serial_shops,
          nicolae_shop_waterfront, lemuel_another_geyser
D:6:      cheibrodos_iron_armory, layout_basic, minivault_22,
          nicolae_elevator_lobby_asterisk
D:7:      layout_basic, nzn_wu_jian_contemplation, bh_walls_and_bars
D:8:      layout_loops_ring, david_lair_shrubbed
D:9:      layout_long_grid, uniq_pikel
D:10:     layout_roguey, erik_orc_1, hangedman_decor_lopped
Temple:   nicolae_temple_the_god_donut
Lair:1:   layout_cave_pods, beast_lair_carwin_2, lemuel_fruit_tree
Lair:2:   layout_cave_shapes, spider_nest_entry_web_field, enter_volcano_1,
          minmay_shattered_shrine, infiniplex_staircase_pool, grunt_megastairs_3

Skill      XL: |  1  2  3  4  5  6  7  8  9 10 11 12 |
---------------+-------------------------------------+-----
Axes           | 3 |  3.4
Fighting       | 4 5 6 7 9 10 11 12 | 12.5
Armour         | 4 5 6 8 9 11 | 11.5
Maces & Flails | 1 2 3 4 5 7 8 10 | 10.8
Shields        | 4 5 6 8 9 10 11 | 11.5

Action                   |  1- 3 |  4- 6 |  7- 9 | 10-12 || total
-------------------------+-------+-------+-------+-------++-------
Melee: War axe           |   123 |       |       |       ||   123
       Morningstar       |    12 |   154 |   274 |   437 ||   877
Evoke: Wand              |       |       |     3 |       ||     3
  Use: Potion            |       |     1 |       |       ||     1
       Scroll            |       |     4 |     4 |     4 ||    12
Armor: Scale mail        |    70 |    64 |       |       ||   134
       Plate armour      |       |    22 |   173 |   232 ||   427
Dodge: Dodged            |    68 |    71 |    48 |    60 ||   247
Block: Buckler           |    37 |    26 |    12 |       ||    75
       Tower shield      |       |       |   130 |   331 ||   461
